 Dungeon Crawl Stone Soup version 0.25-a0-875-geaba134f46 (webtiles) character file.

Game seed: 2697207703903678012, levelgen mode: deterministic

12504 Error4North the Cleaver (level 11, 0/151 HPs)
             Began as a Hill Orc Fighter on May 1, 2020.
             Was a High Priest of Okawaru.
             Slain by a fire elemental (9 damage)
             ... in a Gauntlet.
             The game lasted 00:43:36 (10376 turns).

Error4North the Cleaver (Hill Orc Fighter)         Turns: 10376, Time: 00:43:37

Health: 0/151      AC: 25    Str: 23    XL:     11   Next: 94%
Magic:  8/15       EV:  2    Int:  8    God:    Okawaru [*****.]
Gold:   886        SH: 14    Dex: 10    Spells: 10/10 levels left

rFire    . . .     SeeInvis .   a - +0 war axe
rCold    . . .     Gourm    .   c - +0 kite shield
rNeg     + + +     Faith    .   (armour currently unavailable)
rPois    +         Spirit   .   (helmet currently unavailable)
rElec    .         Reflect  .   (cloak currently unavailable)
rCorr    +         Harm     .   (gloves currently unavailable)
MR       .....     NoTele   +   (boots currently unavailable)
Stlth    +++.......             (no amulet)
HPRegen  0.75/turn              s - ring of resist corrosion
MPRegen  0.14/turn              (no ring)

@: tree-form, heroism, finesse
A: regeneration 1, evolution 1
a: Heroism, Finesse, Renounce Religion


You were in a Gauntlet.
You worshipped Okawaru.
Okawaru was extremely pleased with you.
You were not hungry.
You were a tree.
You visited 3 branches of the dungeon, and saw 14 of its levels.
You also visited: Gauntlet.

You collected 886 gold pieces.

Inventory:

Hand Weapons
 a - a +0 war axe (weapon)
Missiles
 B - 5 boomerangs (quivered)
Armour
 b - a +0 cloak (melded)
 c - a +0 kite shield (worn)
 t - a +0 pair of gloves (melded)
 C - a +0 plate armour (melded)
 L - a +0 pair of boots (melded)
Jewellery
 m - a +1 ring of evasion
 s - a ring of resist corrosion (left branch)
 I - an uncursed amulet of guardian spirit
Wands
 d - a wand of polymorph (13)
 j - a wand of random effects (29)
 G - a wand of disintegration (33)
 K - a wand of enslavement (7)
Scrolls
 e - 2 scrolls of remove curse
 g - a scroll of noise
 h - 9 scrolls of identify
 i - 4 scrolls of teleportation
 l - 3 scrolls of blinking
 p - a scroll of random uselessness
 q - 3 scrolls of enchant armour {unknown}
 r - 3 scrolls of magic mapping {unknown}
 y - a scroll of amnesia {unknown}
 F - a scroll of torment {unknown}
 J - a scroll of summoning {unknown}
 M - a scroll of fog {unknown}
Potions
 k - a potion of mutation
 n - 3 potions of brilliance
 u - 2 potions of lignification
 v - 4 potions of flight {unknown}
 w - a potion of curing
 x - 2 potions of berserk rage
 z - 3 potions of degeneration {unknown}
 A - 2 potions of heal wounds {unknown}
 D - 2 potions of ambrosia {unknown}
 E - a potion of might
 H - a potion of magic {unknown}
Comestibles
 f - 26 rations


   Skills:
 * Level 10.5(15.5) Fighting
 + Level 12.9(17.9) Axes
 + Level 0.2(5.2) Throwing
 * Level 9.7(14.7) Armour
 + Level 1.2(6.2) Dodging
 + Level 1.0(6.0) Stealth
 * Level 9.9(14.9) Shields
 * Level 5.8 Invocations
 * Level 3.8 Evocations


You had 10 spell levels left.
You didn't know any spells.
Your spell library contained the following spells:

 Spells                   Type           Power        Failure   Level  Hunger
 Animate Skeleton         Necr           N/A          41%         1    ##.....
 Apportation              Tloc           #.....       41%         1    ##.....
 Corona                   Hex            #......      41%         1    ##.....
 Infusion                 Chrm           #...         41%         1    ##.....
 Magic Dart               Conj           #...         41%         1    ##.....
 Summon Small Mammal      Summ           #...         41%         1    ##.....
 Blink                    Tloc           N/A          54%         2    ###....
 Call Imp                 Summ           #.......     54%         2    ###....
 Shroud of Golubria       Chrm/Tloc      #.....       54%         2    ###....
 Slow                     Hex            #.......     54%         2    ###....
 Song of Slaying          Chrm           #.......     54%         2    ###....
 Conjure Flame            Conj/Fire      #.......     78%         3    ####...
 Mephitic Cloud           Conj/Pois/Air  #.......     78%         3    ####...
 Ozocubu's Armour         Chrm/Ice       #.......     78%         3    ####...
 Spectral Weapon          Hex/Chrm       #.......     78%         3    ####...


Dungeon Overview and Level Annotations

Branches:
Dungeon (11/15)            Temple (1/1) D:4            Lair (0/6) D:11
    Orc (2/2) D:10        Gauntlet (1/1)
    Elf: Orc:2

Altars:
Ashenzari
Cheibriados
Dithmenos
Elyvilon
Fedhas
Gozag
Hepliaklqana
Kikubaaqudgha
Makhleb
Nemelex Xobeh
Okawaru
Qazlal
Ru
Sif Muna
Trog
Uskayaw
Vehumet
Wu Jian
Xom
Yredelemnul
Zin
The Shining One
Lugonu

Shops:
D:5 *   Orc:2 *

Annotations:
Orc:2 Rupert Gauntlet 10 transporters, 1 runed translucent door


Innate Abilities, Weirdness & Mutations

Your natural rate of healing is unusually fast.
You evolve.


Message History

You feel more confident with your borrowed prowess.
You block the fire elemental's attack. The fire elemental hits you.
The fire elemental burns you!
* * * LOW HITPOINT WARNING * * *
You hit the fire elemental.
The fire elemental is moderately damaged.
The fire elemental hits you. The fire elemental burns you!
* * * LOW HITPOINT WARNING * * *
You can now deal lightning-fast blows.
The fire elemental hits you. The fire elemental burns you!
* * * LOW HITPOINT WARNING * * *
The flying skull gives a hideous shriek!
You hit the fire elemental but do no damage.
The fire elemental is moderately damaged.
You slice the fire elemental!!
The fire elemental is severely damaged.
The fire elemental hits you. The fire elemental burns you!
* * * LOW HITPOINT WARNING * * *
You feel better. The fire elemental hits you. The fire elemental burns you!
You die...

###########.....#.©.#.....≈#
#zzzz©"(zz#...#########...##
#zz##.##.z#...#..}©[..#...≈#
#z#z.#. #z#...#.#####.#...##
#z#..# #z#...#.#§≈≈#.#...≈#
#z^#####^z#.8.#.#.©.#.#.8.##
#.#z©#..#z#...#.'...+.#...≈#
#z#.z#..#z#...#)#####.#...##
#z.##.##.z#...#.♣E....#...§#
#....z....#...#########...##
###########.......©.......≈#
.....©......8.....8.....8.##
..∩..8..∩...............§§≈#
............#≈#§#≈#§#≈#≈#§##
§#≈#§#§#≈#≈################
############


You could see a fire elemental and 8 flying skulls.

Vanquished Creatures
  Maggie (D:6)
  An efreet (Gauntlet)
  2 trolls
  Grinder (D:3)
  A vampire (D:11)
  A spriggan (D:7)
  16 yaks
  2 fire elementals (Gauntlet)
  Sigmund (D:2)
  4 wyverns
  A hungry ghost (D:11)
  A two-headed ogre zombie (D:10)
  5 porcupines (D:11)
  2 hell hounds (Gauntlet)
  2 necrophages (D:11)
  8 orc warriors
  2 ice beasts (D:10)
  A black bear (D:11)
  A sky beast (D:8)
  6 ogres
  5 phantoms
  2 eyes of draining
  10 centaurs
  A crocodile (D:10)
  6 bullfrogs
  4 big kobolds
  A gnoll sergeant (D:8)
  4 scorpions
  A troll zombie (D:10)
  12 killer bees
  6 howler monkeys
  5 crimson imps
  A quasit (D:10)
  A centaur zombie (D:10)
  A bullfrog zombie (D:7)
  9 orc wizards
  7 hounds
  2 jellies
  6 orc priests
  A bullfrog skeleton (D:6)
  4 iguanas
  10 worker ants
  4 ogre zombies (D:10)
  2 worker ant zombies
  A howler monkey skeleton (D:7)
  7 gnolls
  13 adders
  8 river rats (D:5)
  A shadow imp (D:5)
  2 oozes
  An adder zombie (D:9)
  An adder skeleton (D:4)
  5 worms
  4 dart slugs
  2 leopard geckos
  29 orcs
  3 giant cockroaches
  9 goblins
  6 hobgoblins
  9 jackals
  11 quokkas
  A ball python (D:3)
  8 bats
  7 frilled lizards
  A giant cockroach zombie (D:6)
  2 goblin skeletons (D:10)
  2 goblin zombies (D:10)
  A hobgoblin skeleton (D:10)
  5 hobgoblin zombies (D:10)
  A jackal skeleton (D:8)
  23 kobolds
  A leopard gecko zombie (D:6)
  2 orc skeletons (D:10)
  10 orc zombies (D:10)
  28 rats
  A plant (D:11)
369 creatures vanquished.

Vanquished Creatures (others)
  11 fungi (D:11)
  3 plants (D:11)
14 creatures vanquished.

Grand Total: 383 creatures vanquished

Notes
Turn   | Place    | Note
-------+----------+-------------------------------------------
     0 | D:1      | Error4North the Hill Orc Fighter began the quest for the
                  | Orb.
     0 | D:1      | Reached XP level 1. HP: 19/19 MP: 1/1
    99 | D:1      | Reached XP level 2. HP: 24/27 MP: 2/2
   731 | D:2      | Noticed Sigmund
   742 | D:1      | Reached XP level 3. HP: 22/34 MP: 3/3
  1056 | D:2      | Found a shattered altar of Ashenzari.
  1062 | D:2      | Reached skill level 3 in Axes
  1076 | D:2      | Reached XP level 4. HP: 11/41 MP: 4/4
  1366 | D:2      | Found a blossoming altar of Fedhas.
  1523 | D:2      | Found a shimmering altar of Xom.
  1893 | D:2      | Killed Sigmund
  1893 | D:2      | Reached skill level 4 in Axes
  1893 | D:2      | Reached XP level 5. HP: 28/47 MP: 5/5
  1893 | D:2      | Reached XP level 6. HP: 32/53 MP: 6/6
  2205 | D:3      | Found a basalt altar of Yredelemnul.
  2235 | D:3      | Noticed Grinder
  2236 | D:3      | Paralysed by Grinder for 6 turns
  2267 | D:3      | Killed Grinder
  2267 | D:3      | Reached skill level 5 in Fighting
  2267 | D:3      | Reached skill level 5 in Axes
  2267 | D:3      | Reached skill level 5 in Armour
  2267 | D:3      | Reached XP level 7. HP: 13/61 MP: 7/7
  2530 | D:3      | Reached skill level 5 in Shields
  2563 | D:3      | Noticed a moth of wrath
  2565 | D:3      | Found a bloodstained altar of Trog.
  2626 | D:3      | Found a faded altar of an unknown god.
  2692 | D:3      | You fall into a shaft and drop 2 floors!
  2692 | D:5      | Entered Level 5 of the Dungeon
  2743 | D:4      | Found a hide-covered altar of Uskayaw.
  2992 | D:3      | Found a white marble altar of Elyvilon.
  3183 | D:4      | Found an iron altar of Okawaru.
  3189 | D:4      | Became a worshipper of Warmaster Okawaru
  3425 | D:4      | Found a staircase to the Ecumenical Temple.
  3443 | Temple   | Entered the Ecumenical Temple
  3654 | D:5      | Found a sparkling altar of Nemelex Xobeh.
  3772 | D:5      | Found Jozxoot's General Store.
  3785 | D:5      | Got a heavily runed steel ring
  3786 | D:5      | Identified the ring "Hyik Ics" {*Contam +Blink MR+ SInv
                  | Stlth+} (You found it on level 5 of the Dungeon)
  3802 | D:5      | Found a sacrificial altar of Ru.
  3803 | D:5      | Found a glowing silver altar of Zin.
  3822 | D:5      | Reached skill level 6 in Axes
  3835 | D:5      | Found a hide-covered altar of Uskayaw.
  3985 | D:5      | Found a shadowy altar of Dithmenos.
  3985 | D:5      | Noticed a shadow
  3988 | D:5      | Found a hazy altar of Hepliaklqana.
  4017 | D:5      | Found a burning altar of Makhleb.
  4542 | D:6      | Reached skill level 7 in Axes
  4542 | D:6      | Reached XP level 8. HP: 57/70 MP: 8/8
  4583 | D:6      | Noticed Maggie
  4587 | D:6      | Reached * piety under Okawaru
  4609 | D:6      | Killed Maggie
  4609 | D:6      | Reached skill level 8 in Axes
  4609 | D:6      | Reached skill level 1 in Stealth
  4844 | D:6      | Found a shimmering blue altar of Sif Muna.
  5699 | D:7      | Reached XP level 9. HP: 32/79 MP: 9/9
  5895 | D:7      | Reached skill level 9 in Axes
  6091 | D:7      | Reached ** piety under Okawaru
  6255 | D:7      | Found an ancient bone altar of Kikubaaqudgha.
  6744 | D:8      | Reached skill level 10 in Axes
  6797 | D:8      | Reached skill level 1 in Dodging
  6818 | D:8      | Reached skill level 1 in Invocations
  6823 | D:8      | Reached *** piety under Okawaru
  6823 | D:8      | Reached XP level 10. HP: 27/90 MP: 8/10
  7649 | D:9      | Found an opulent altar of Gozag.
  7783 | D:9      | Reached skill level 1 in Evocations
  7849 | D:9      | Reached skill level 11 in Axes
  8328 | D:10     | Entered Level 10 of the Dungeon
  8386 | D:10     | Reached **** piety under Okawaru
  8688 | D:10     | Reached XP level 11. HP: 63/97 MP: 11/13
  8717 | D:10     | Gained mutation: You evolve. [potion of mutation]
  8717 | D:10     | Gained mutation: Your natural rate of healing is unusually
                  | fast. [potion of mutation]
  9098 | D:10     | Found a staircase to the Orcish Mines.
  9350 | Orc:1    | Entered Level 1 of the Orcish Mines
  9443 | Orc:1    | Reached skill level 10 in Fighting
  9539 | Orc:2    | Entered Level 2 of the Orcish Mines
  9539 | Orc:2    | Found Irghaph's Assorted Antiques.
  9540 | Orc:2    | Noticed an orc knight
  9541 | Orc:2    | Noticed Rupert
  9553 | Orc:1    | Reached skill level 12 in Axes
  9822 | D:11     | Reached ***** piety under Okawaru
  9840 | D:11     | Reached skill level 5 in Invocations
  9950 | D:11     | Found a staircase to the Lair.
 10225 | D:11     | Found a gate leading to a gauntlet.
 10231 | Gauntlet | Entered a Gauntlet
 10231 | Gauntlet | Found a transporter.
 10238 | Gauntlet | Noticed a death scarab
 10239 | Gauntlet | Noticed a death scarab
 10240 | Gauntlet | Found a transporter.
 10244 | Gauntlet | Found a transporter.
 10245 | Gauntlet | Found a transporter.
 10247 | Gauntlet | Found a transporter.
 10248 | Gauntlet | Found a transporter.
 10256 | Gauntlet | Found a transporter.
 10276 | Gauntlet | Found a transporter.
 10276 | Gauntlet | Noticed a balrug
 10296 | Gauntlet | Found a transporter.
 10300 | Gauntlet | Found a transporter.
 10304 | Gauntlet | Found a runed translucent door.
 10308 | Gauntlet | Found a transporter.
 10316 | Gauntlet | Found a runed translucent door.
 10339 | Gauntlet | Received a gift from Okawaru
 10375 | Gauntlet | HP: 2/151 [fire elemental (7)]
 10376 | Gauntlet | Slain by a fire elemental

Levels and vault maps discovered:
D:1:      nagdon_arrival_zigzag_paths, layout_basic, chequers_garden
D:2:      layout_basic, overflow_temple_1_default, lemuel_round_altar, tgw_xom,
          uniq_sigmund
D:3:      layout_basic, yredelemnul_altar_generic, marbit_many_paths,
          chequers_ecumenical_altar_simple_redux, tgw_trog, uniq_grinder
D:4:      layout_rooms, okawaru_trees_2, lemuel_crystal_altar,
          minmay_temple_entry_stoned_glass, first_ration
D:5:      lemuel_ratsnest, layout_cave_pools,
          riverfiend_overflow_shadow_ancestor, lemuel_doored_altar,
          gammafunk_temple_overflow_statue, bloody_makhleb, serial_shops,
          shop_fountains, basic_altar
D:6:      layout_basic, kennysheep_mini, dk_vineyard_1,
          chequers_serial_rivers_micro_d, kennysheep_decorative_pillar,
          uniq_maggie
D:7:      layout_cave_pools, kiku_gazebo_garden_becter, the_bakery
D:8:      layout_loops_ring, minmay_manual_mares
D:9:      layout_basic, grunt_gozag_statues
D:10:     layout_irregular_city, zombieorc2_lemuel
D:11:     layout_basic, due_lair_maze_entry_diamond, gauntlet_entry_generic
Temple:   corrupted_temple
Orc:1:    layout_diamond_mine
Orc:2:    grunt_orc_tribal_feast, layout_diamond_mine, serial_shops, shop,
          nicolae_shop_behind_doors, nicolae_shop_overgrown_old_shop, shop,
          uniq_donald, uniq_saint_roka, uniq_rupert
Gauntlet: minmay_gauntlet_mixed_oops_all_seconds
          [minmay_gauntlet_arena_77_shame_cube, nicolae_gauntlet_arena_quarters,
          minmay_gauntlet_arena_77_path, gammafunk_gauntlet_arena_chambers,
          minmay_gauntlet_arena_77_block_sizes, nicolae_gauntlet_arena_blocks,
          gauntlet_exit_watery]

Skill      XL: |  1  2  3  4  5  6  7  8  9 10 11 |
---------------+----------------------------------+-----
Fighting       | 4 5 6 7 8 9 10 | 10.5
Axes           | 3 4 5 7 8 10 11 12 | 12.9
Armour         | 4 5 6 7 9 |  9.7
Shields        | 4 5 6 8 9 |  9.9
Stealth        | 1 |  1.0
Dodging        | 1 |  1.2
Invocations    | 1 3 5 |  5.8
Evocations     | 2 3 |  3.8
Throwing       | |  0.2

Action                   |  1- 3 |  4- 6 |  7- 9 | 10-12 || total
-------------------------+-------+-------+-------+-------++-------
Melee: War axe           |   101 |    87 |   525 |   603 ||  1316
Throw: Boomerang         |       |       |       |    38 ||    38
Invok: Heroism           |       |       |     7 |    25 ||    32
       Finesse           |       |       |       |     1 ||     1
Evoke: Wand              |       |       |       |     4 ||     4
  Use: Potion            |     1 |     1 |     1 |     4 ||     7
       Scroll            |       |       |     3 |     8 ||    11
  Eat: Chunk             |     1 |     4 |    11 |    14 ||    30
       Ration            |       |       |     1 |       ||     1
Armor: Scale mail        |    27 |       |       |       ||    27
       Chain mail        |    49 |    44 |   243 |    19 ||   355
       Plate armour      |       |       |       |   249 ||   249
       Skin              |       |       |       |     9 ||     9
Dodge: Dodged            |    28 |    11 |   114 |   151 ||   304
Block: Kite shield       |    63 |    36 |   276 |   363 ||   738

Table legend:
 A = Non-vault XP
 B = Vault XP
 C = Vault XP percentage of total XP
 D = Non-vault monster count
 E = Vault monster count
 F = Vault count percentage of total count
                 A         B        C        D         E       F
            +---------+---------+-------+---------+---------+-------
      Total |   13291 |    4573 |  25.6 |     275 |      93 |  25.3
            +---------+---------+-------+---------+---------+-------
        D:1 |      50 |       0 |   0.0 |      25 |       0 |   0.0
        D:2 |     103 |     197 |  65.7 |      23 |       1 |   4.2
        D:3 |      63 |     296 |  82.5 |      17 |       7 |  29.2
        D:4 |      24 |       0 |   0.0 |      10 |       0 |   0.0
        D:5 |     180 |     141 |  43.9 |      10 |      34 |  77.3
        D:6 |     519 |     370 |  41.6 |      12 |       1 |   7.7
        D:7 |    1123 |     205 |  15.4 |      33 |       1 |   2.9
        D:8 |    2035 |     215 |   9.6 |      24 |       2 |   7.7
        D:9 |    1668 |       0 |   0.0 |      24 |       0 |   0.0
       D:10 |    3082 |     724 |  19.0 |      46 |      31 |  40.3
       D:11 |    3253 |    1367 |  29.6 |      34 |      11 |  24.4
      Orc:1 |    1191 |       0 |   0.0 |      17 |       0 |   0.0
   Gauntlet |       0 |    1058 | 100.0 |       0 |       5 | 100.0
            +---------+---------+-------+---------+---------+-------
